 Dungeon Crawl Stone Soup version 0.27-a0-1065-ge809cff456 (webtiles) character file.

Game seed: 8823079498712708149

308 Zenkrye the Firebug (level 5, -10/38 HPs)
             Began as a Demigod Fire Elementalist on Apr 23, 2021.
             Mangled by a troll (14 damage)
             ... on level 4 of the Dungeon.
             The game lasted 00:10:21 (4216 turns).

Zenkrye the Firebug (Demigod Fire Elementalist)     Turns: 4216, Time: 00:10:21

Health: -10/38     AC:  3    Str:  9    XL:     5   Next: 94%
Magic:  1/12       EV: 12    Int: 21    God:
Gold:   120        SH:  0    Dex: 14    Spells: 2/10 levels left

rFire    . . .     SeeInvis .   y - staff of conjuration
rCold    . . .     Faith    .   (no shield)
rNeg     . . .     Spirit   .   a - +0 robe
rPois    .         Reflect  .   (no helmet)
rElec    .         Harm     .   (no cloak)
rCorr    .         Rampage  .   r - +0 pair of gloves
Will     .....                  (no boots)
Stlth    ++........             (no amulet)
HPRegen  0.12/turn              w - ring of wizardry
MPRegen  0.13/turn              (no ring)

@: no status effects
A: high mp 1, forlorn
a: no special abilities


You were on level 4 of the Dungeon.
You visited 1 branch of the dungeon, and saw 4 of its levels.

You collected 120 gold pieces.

Inventory:

Hand Weapons
 b - a +0 dagger
 t - a +0 rapier
Missiles
 n - a throwing net {!f}
 p - 7 boomerangs (quivered)
Armour
 a - a +0 robe (worn)
 c - a +0 ring mail
 e - a +0 leather armour
 j - a +0 tower shield
 r - a +0 pair of gloves (worn)
Magical Staves
 q - a staff of earth
 x - a staff of cold
 y - a staff of conjuration (weapon)
Jewellery
 w - a ring of wizardry (left hand)
Scrolls
 d - a scroll of brand weapon {unknown}
 g - a scroll of magic mapping {unknown}
 h - 3 scrolls of teleportation {unknown}
 k - 2 scrolls of amnesia {unknown}
 m - a scroll of holy word {unknown}
 o - 2 scrolls of immolation {unknown}
Potions
 f - a potion of attraction {unknown}
 i - a potion of curing {unknown}
 l - 2 potions of brilliance {unknown}
 s - a potion of mutation {unknown}
 u - 2 potions of haste {unknown}
 v - a potion of ambrosia {unknown}


   Skills:
 - Level 1.7 Dodging
 - Level 1.7 Stealth
 - Level 3.0 Spellcasting
 - Level 3.0 Conjurations
 + Level 4.9 Fire Magic


You had 2 spell levels left.
You knew the following spells:

 Your Spells              Type           Power      Damage    Failure   Level
a - Foxfire               Conj/Fire      100%       2x1d9     1%          1
c - Conjure Flame         Conj/Fire      29%        6-21      3%          3
d - Sticky Flame          Conj/Fire      29%        2d5       11%         4

Your spell library contained the following spells:

 Spells                   Type           Power      Damage    Failure   Level
 Inner Flame              Hex/Fire       13%        N/A       6%          3
 Fireball                 Conj/Fire      14%        3d8       28%         5


Dungeon Overview and Level Annotations

Branches:
Dungeon (4/15)
 Temple: D:4-7

Shops:
D:3 :

Annotations:
D:3 Terence


Innate Abilities, Weirdness & Mutations

Your attributes grow dramatically as you level up.
You have an increased reservoir of magic. (+10% MP)
You shall have no god before yourself.


Message History

You feel a surge of power!
You conjure some foxfire!
The foxfire hits the troll!
The troll is severely wounded.
Casting: Foxfire (safe; 1% risk of failure)
Confirm with . or Enter, or press ? or * to list all spells.
You feel a surge of power!
You conjure some foxfire!
The foxfire hits the troll but does no damage.
The troll is severely wounded.
The foxfire hits the troll.
The troll is severely wounded.
The foxfire hits the troll.
The troll is almost dead.
Casting: Foxfire (safe; 1% risk of failure)
Confirm with . or Enter, or press ? or * to list all spells.
You feel a surge of power!
You conjure some foxfire!
The foxfire hits the troll but does no damage.
The troll is almost dead.
The foxfire hits the troll.
The troll is almost dead.
Casting: Foxfire (safe; 1% risk of failure)
Confirm with . or Enter, or press ? or * to list all spells.
You feel a surge of power!
You conjure some foxfire!
The foxfire hits the troll.
The troll is almost dead.
The foxfire hits the troll but does no damage.
The troll is almost dead.
Casting: Foxfire (safe; 1% risk of failure)
Confirm with . or Enter, or press ? or * to list all spells.
You feel a surge of power!
You conjure some foxfire!
The foxfire hits the troll.
The troll is heavily wounded.
The foxfire hits the troll!
The troll is severely wounded.
The troll bites you! The troll claws you. The troll barely misses you.
Casting: Foxfire (safe; 1% risk of failure)
Confirm with . or Enter, or press ? or * to list all spells.
You feel a surge of power!
You conjure some foxfire!
The troll bites you!
* * * LOW HITPOINT WARNING * * *
The troll claws you!
You die...

#.##### ########## #.....#
#........# #.###.# #.######.# #.#
#.# #.# #.# #.# #.# ###.# #.# #.#
#.# #...######.####.###.#
##........#....ยง.v.#.############
................@T...............
##.....####.....v..##############
#..##....#.......(#
##...####.#........#
...................# #
#.##......#........# #..
#.#....#..#........# #####....
#.#.......#........# ###.. ....#
#.#..#.#.##+###.# ###...##.#..


You could see a troll (ally target).

Vanquished Creatures
  A scorpion (D:4)
  A water moccasin skeleton (D:4)
  Natasha (twice) (D:3)
  An orc wizard (D:3)
  2 adders (D:2)
  An ufetubus (D:4)
  An adder skeleton (D:4)
  4 dart slugs
  5 orcs
  5 bats
  10 endoplasms
  2 giant cockroaches
  9 goblins
  8 hobgoblins
  4 jackals (D:2)
  8 kobolds
  5 quokkas
  7 ball pythons
  2 frilled lizards
  6 rats
84 creatures vanquished.

Vanquished Creatures (others)
  267 foxfires
267 creatures vanquished.

Grand Total: 351 creatures vanquished

Notes
Turn   | Place    | Note
-------+----------+-------------------------------------------
     0 | D:1      | Zenkrye the Demigod Fire Elementalist began the quest for
                  | the Orb.
     0 | D:1      | Reached XP level 1. HP: 14/14 MP: 5/5
    39 | D:1      | Reached skill level 1 in Conjurations
   306 | D:1      | Reached skill level 3 in Fire Magic
   374 | D:1      | Reached XP level 2. HP: 20/20 MP: 4/7
  1109 | D:2      | Reached XP level 3. HP: 26/26 MP: 2/8
  1115 | D:2      | Learned a level 3 spell: Conjure Flame
  2099 | D:3      | Found Zomitric's Book Emporium.
  2115 | D:3      | Reached XP level 4. HP: 33/33 MP: 7/9
  2171 | D:3      | Noticed Terence
  2821 | D:3      | Noticed Natasha
  2827 | D:3      | Killed Natasha
  2967 | D:3      | Noticed Natasha
  2975 | D:3      | Killed Natasha
  2976 | D:3      | Reached skill level 4 in Fire Magic
  2976 | D:3      | Reached XP level 5. HP: 38/38 MP: 7/11
  2981 | D:3      | Learned a level 4 spell: Sticky Flame
  4172 | D:4      | Noticed a troll
  4216 | D:4      | Mangled by a troll

Illustrated notes

Levels and vault maps discovered:
D:1:      saegor_arrival_simple_c, layout_loops_ring, serial_park_tiny_1
D:2:      layout_basic, hellmonk_ecumenical_altar_arch_garden, basic_altar
D:3:      layout_loops_ring, minitemple, serial_shops, shop,
          serial_park_tiny_pond, uniq_terence, uniq_natasha
D:4:      minmay_skewed_foursquare, layout_basic

Skill      XL: |  1  2  3  4  5 |
---------------+----------------+-----
Conjurations   | 1 2 3 |  3.0
Fire Magic     | 3 4 |  4.9
Spellcasting   | 2 3 |  3.0
Dodging        | |  1.7
Stealth        | |  1.7

Action                   |  1- 3 |  4- 6 || total
-------------------------+-------+-------++-------
Melee: Dagger            |       |    31 ||    31
       Rapier            |       |    17 ||    17
 Cast: Foxfire           |    79 |    74 ||   153
       Conjure Flame     |       |     2 ||     2
       Sticky Flame      |       |     1 ||     1
Armor: Robe              |     4 |     9 ||    13
Dodge: Dodged            |    13 |    50 ||    63

Table legend: (Time is in decaauts)
 A = Elapsed time spent in this place.
 B = Non-inter-level travel time spent in this place.
 C = Inter-level travel time spent in this place.
 D = Time resting spent in this place.
 E = Time spent auto-exploring this place.
 F = Levels seen in this place.
 G = Mean time per level.
                   A        B        C        D        E       F      G
               +--------+--------+--------+--------+--------+-----+--------+
         Total |   4228 |   4122 |    106 |    122 |   3287 |   4 | 1057.0 |
       Dungeon |   4228 |   4122 |    106 |    122 |   3287 |   4 | 1057.0 |
               +--------+--------+--------+--------+--------+-----+--------+

Top non-repeatable levels by time:
     D:4: 1199 daAuts
     D:1: 1098 daAuts
     D:2: 1009 daAuts
     D:3: 921 daAuts
